 Dungeon Crawl Stone Soup version 0.24-a0-397-g73b976d (webtiles) character file.

Game seed: 2359850890459822976

222 Spazmo the Magician (level 5, -10/28 HPs)
             Began as a Deep Elf Fire Elementalist on June 4, 2019.
             Mangled by an ogre
             ... wielding a +0 giant club
              (25 damage)
             ... on level 4 of the Dungeon.
             The game lasted 00:06:50 (2260 turns).

Spazmo the Magician (Deep Elf Fire Elementalist)    Turns: 2260, Time: 00:06:51

Health: -10/28     AC:  4    Str:  5    XL:     5   Next: 66%
Magic:  6/14       EV: 12    Int: 21    God:
Gold:   153        SH:  4    Dex: 15    Spells: 3/13 levels left

rFire    + . .     SeeInvis .   o - +4 short sword (flame)
rCold    + . .     Gourm    .   r - +0 buckler
rNeg     . . .     Faith    .   a - +1 robe
rPois    .         Spirit   .   (no helmet)
rElec    .         Reflect  .   (no cloak)
rCorr    .         Harm     .   d - +0 pair of gloves (curse)
MR       .....                  (no boots)
Stlth    ++........             (no amulet)
HPRegen  0.09/turn              b - ring of protection from cold
MPRegen  0.14/turn              h - ring of protection from fire

@: no status effects
A: no striking features
a: no special abilities


You were on level 4 of the Dungeon.
You were very hungry.

You visited 1 branch of the dungeon, and saw 4 of its levels.

You collected 153 gold pieces.

Inventory:

Hand Weapons
 o - a +4 short sword of flaming (weapon)
Missiles
 j - 52 stones (quivered)
Armour
 a - a +1 robe (worn)
 d - a cursed +0 pair of gloves (worn)
 r - a +0 buckler (worn)
Jewellery
 b - a ring of protection from cold (left hand)
 h - a ring of protection from fire (right hand)
Scrolls
 e - 3 scrolls of identify
 f - a scroll of enchant weapon
 i - 4 scrolls of teleportation
 l - 2 scrolls of remove curse
 m - a scroll of magic mapping
 q - a scroll of amnesia
Potions
 g - a potion of curing
 k - a potion of cancellation
 n - a potion of might
 p - a potion of heal wounds
Comestibles
 c - 6 rations


   Skills:
 - Level 2.6 Dodging
 - Level 2.6 Stealth
 + Level 0.9 Shields
 + Level 4.9 Spellcasting
 + Level 3.4 Conjurations
 + Level 4.7 Fire Magic


You had 3 spell levels left.
You knew the following spells:

 Your Spells              Type           Power        Failure   Level  Hunger
a - Flame Tongue          Conj/Fire      ###..        3%          1    None
b - Throw Flame           Conj/Fire      ###...       4%          2    None
c - Conjure Flame         Conj/Fire      ###.....     9%          3    ##.....
d - Sticky Flame          Conj/Fire      ###.....     28%         4    ####...

Your spell library contained the following spells:

 Spells                   Type           Power        Failure   Level  Hunger
 Inner Flame              Hex/Fire       ###.....     19%         3    ##.....
 Fireball                 Conj/Fire      ###.......   63%         5    #####..


Dungeon Overview and Level Annotations

Branches:
Dungeon (4/15)
 Temple: D:4-7

Altars:
Elyvilon
Ru

Annotations:
D:4 Grinder


Message History

Casting: Throw Flame (safe; 4% risk of failure)
Confirm with . or Enter, or press ? or * to list all spells.
Aiming: Flame Tongue (safe; 3% risk of failure)
Press: ? - help, Shift-Dir - straight line, f - ogre
Aim: an ogre, wielding a +0 giant club The flame tongue hits the ogre!
The ogre is moderately wounded.
Casting: Flame Tongue (safe; 3% risk of failure)
Confirm with . or Enter, or press ? or * to list all spells.
Aiming: Sticky Flame (quite dangerous; 28% risk of failure)
Press: ? - help, Shift-Dir - straight line, f/p - ogre
Aim: an ogre, wielding a +0 giant club (moderately wounded)
The sticky flame hits the ogre.
The ogre is moderately wounded.
The ogre is covered in liquid flames!
You are feeling very hungry.
The ogre burns!
The ogre hits you with a +0 giant club!!
Ouch! That really hurt!
You die...

###................##
#....................
#....................
##...................
#...................
##.#................
####........###.....
##...........# ....
#..O@.......## #<..
####............. ...
#............>... .
##................ .
#................ #
###......##.###.## .
#.........#.# ## .
#..............# .
#........#......# #


You could see an ogre (burning).

Vanquished Creatures
  A black bear (D:4)
  A hound (D:3)
  3 adders
  2 oozes (D:2)
  2 dart slugs
  3 giant cockroaches
  7 goblins
  8 hobgoblins
  7 jackals (D:3)
  3 quokkas
  A ball python (D:1)
  10 bats
  2 frilled lizards (D:1)
  8 kobolds
  12 rats
70 creatures vanquished.

Notes
Turn   | Place    | Note
-------+----------+-------------------------------------------
     0 | D:1      | Spazmo the Deep Elf Fire Elementalist began the quest for
                  | the Orb.
     0 | D:1      | Reached XP level 1. HP: 10/10 MP: 6/6
   161 | D:1      | Reached XP level 2. HP: 8/15 MP: 2/8
   165 | D:1      | Learned a level 2 spell: Throw Flame
   697 | D:2      | Found a sacrificial altar of Ru.
   716 | D:2      | Found a faded altar of an unknown god.
   723 | D:2      | Reached XP level 3. HP: 19/19 MP: 6/10
   738 | D:2      | Learned a level 3 spell: Conjure Flame
  1048 | D:2      | Found a white marble altar of Elyvilon.
  1141 | D:2      | Reached XP level 4. HP: 24/24 MP: 7/12
  1149 | D:2      | Learned a level 4 spell: Sticky Flame
  2145 | D:4      | Reached XP level 5. HP: 23/28 MP: 8/13
  2155 | D:4      | Noticed a black bear
  2185 | D:4      | Killed a black bear
  2202 | D:4      | Noticed Grinder
  2247 | D:4      | Noticed an ogre
  2252 | D:4      | Paralysed by Grinder for 3 turns
  2260 | D:4      | Mangled by an ogre

Levels and vault maps discovered:
D:1:      wander_arrival_desolate, layout_loops_ring, minmay_3d_cube
D:2:      layout_basic, nicolae_ru_path_of_blood,
          nicolae_overflow_crystal_walls, chequers_ecumenical_altar_simple,
          st_stairs_9, minmay_misc_feat_alley
D:3:      layout_loops_ring
D:4:      layout_cave_pools, nemelex_xobeh_ov_fountains_minmay, minitemple,
          uniq_grinder

Skill      XL: |  1  2  3  4 |
---------------+-------------+-----
Conjurations   | 2 3 |  3.4
Spellcasting   | 4 |  4.9
Fire Magic     | 4 |  4.7
Dodging        | |  2.6
Stealth        | |  2.6
Shields        | |  0.9

Action                   |  1- 3 |  4- 6 || total
-------------------------+-------+-------++-------
Melee: Dagger            |     1 |       ||     1
Throw: Stone             |       |     3 ||     3
 Cast: Flame Tongue      |    63 |    50 ||   113
       Throw Flame       |     1 |     5 ||     6
       Sticky Flame      |       |     1 ||     1
  Use: Scroll            |     7 |     4 ||    11
       Potion            |     2 |     1 ||     3
  Eat: Chunk             |     1 |     2 ||     3
Armor: Robe              |     2 |     4 ||     6
Dodge: Dodged            |     6 |     8 ||    14

Table legend:
 A = Non-vault XP
 B = Vault XP
 C = Vault XP percentage of total XP
 D = Non-vault monster count
 E = Vault monster count
 F = Vault count percentage of total count
                 A         B        C        D         E       F
            +---------+---------+-------+---------+---------+-------
      Total |     307 |      11 |   3.5 |      65 |       5 |   7.1
            +---------+---------+-------+---------+---------+-------
        D:1 |      34 |       3 |   8.1 |      23 |       2 |   8.0
        D:2 |      56 |       8 |  12.5 |      16 |       3 |  15.8
        D:3 |      85 |       0 |   0.0 |      24 |       0 |   0.0
        D:4 |     132 |       0 |   0.0 |       2 |       0 |   0.0
            +---------+---------+-------+---------+---------+-------
